 Dungeon Crawl Stone Soup version 0.31-a0-95-g6fa058ef04 (webtiles) character file.

Game seed: 15638768677143356145

324 NateTC the Chopper (level 6, -4/56 HPs)
             Began as a Hill Orc Fighter on May 26, 2023.
             Was an Initiate of Gozag.
             Slain by an iguana (11 damage)
             ... on level 5 of the Dungeon.
             The game lasted 00:05:44 (2151 turns).

NateTC the Chopper (Hill Orc Fighter)               Turns: 2151, Time: 00:05:45

Health: -4/56      AC:  8    Str: 21    XL:     6   Next: 48%
Magic:  6/6        EV:  9    Int:  8    God:    Gozag
Gold:   322        SH:  4    Dex: 10    Spells: 5/5 levels left

rFire   . . .        a - +0 war axe
rCold   . . .        c - +0 buckler
rNeg    + . .        b - +0 scale mail
rPois   .            (no helmet)
rElec   .            (no cloak)
rCorr   .            h - +0 pair of gloves
SInv    .            (no boots)
Will    .....        (no amulet) Stlth
                     e - ring of positive energy
HPRegen 0.29/turn    (no ring)
MPRegen 0.10/turn

%: no passive effects
@: lethally poisoned (-4 -> -4)
A: no striking features
a: Renounce Religion, Potion Petition, Call Merchant, Bribe Branch


You were on level 5 of the Dungeon.
You worshipped Gozag.
Gozag was aware of your devotion.
You visited 1 branch of the dungeon, and saw 5 of its levels.

You collected 405 gold pieces.
You paid 83 gold pieces to Gozag.

Inventory:

Hand Weapons
 a - a +0 war axe (weapon)
Armour
 b - a +0 scale mail (worn)
 c - a +0 buckler (worn)
 h - a +0 pair of gloves (worn)
Jewellery
 e - a ring of positive energy (left hand)
Scrolls
 i - a scroll of summoning {unknown}
 k - a scroll of identify
 l - a scroll of blinking {unknown}
Potions
 d - a potion of might
 f - a potion of heal wounds
 g - 2 potions of curing
 j - a potion of invisibility


   Skills:
 - Level 5.0 Fighting
 * Level 7.9 Axes
 - Level 3.2 Armour
 - Level 3.2 Shields


You had 5 spell levels left.
You didn't know any spells.
Your spell library contained the following spells:

 Spells                   Type           Power      Damage    Failure   Level
 Freeze                   Ice            0%         1d3       82%         1
 Frozen Ramparts          Ice            0%         1d1       99%         3
 Hailstorm                Conj/Ice       0%         3d3       99%         3


Dungeon Overview and Level Annotations

Branches:
Dungeon (4/15) Zot: 26974
 Temple: D:4-7

Altars:
Gozag
Kikubaaqudgha
Nemelex Xobeh
Qazlal
Trog
Wu Jian

Shops:
D:3 !


Message History

You slash the orc!
You kill the orc!
You barely miss the orc. x2
The orc is no longer distracted by gold.
You feel sick. You block the orc's attack.
The orc priest is distracted by your dazzling golden aura.
The orc completely misses you. The orc closely misses you.
The orc hits you but does no damage.
You hit the orc priest.
The orc priest is no longer distracted by gold.
The orc priest is severely wounded.
You hit the orc but do no damage. You barely miss the orc.
You feel sick. The orc closely misses you.
The orc priest looks satisfied for a moment.
The orc hits you with a +0 hand axe.
You slash the orc priest!
You kill the orc priest!
You hit the orc. x2; You feel sick. You block the orc's attack.
The orc hits you with a +0 flail.
* * * LOW HITPOINT WARNING * * *
You barely miss the iguana. You hit the orc but do no damage. You hit the orc.
You kill the orc!
You feel sick.
The iguana is distracted by your dazzling golden aura.
The orc is distracted by your dazzling golden aura.
You barely miss the iguana.
The iguana is no longer distracted by gold.
The iguana hisses angrily.
The orc shouts!
You hit the orc.
You kill the orc!
You feel sick. You block the iguana's attack.
You slash the iguana!
The iguana is heavily wounded.
You feel sick.
The iguana hisses menacingly.
The iguana bites you.
* * * LOW HITPOINT WARNING * * *
The iguana bites you!
You die...
Your body crumbles into a pile of gold.

... #.. #. ... #.#
#.# #.# ... ... #.#
#.# #.#####.### #.#
#.........#######.#
#.................#
#.#$...$$...#########
.......@$...#
#.....$l....#
##..........#
#.........<#
............#
............#
#.##.######## .. #.


You could see an iguana.

Vanquished Creatures
  A phantom (D:4)
  A scorpion (D:4)
  A jelly (D:4)
  An orc priest (D:5)
  An orc wizard (D:4)
  3 adders
  3 dart slugs
  9 orcs
  4 ball pythons
  3 endoplasms
  4 giant cockroaches
  7 goblins
  8 hobgoblins
  3 jackals (D:3)
  5 kobolds
  4 quokkas
  3 bats
  5 frilled lizards
  4 rats
70 creatures vanquished.

Notes
Turn   | Place    | Note
-------+----------+-------------------------------------------
     0 | D:1      | NateTC the Hill Orc Fighter began the quest for the Orb.
     0 | D:1      | Reached XP level 1. HP: 19/19 MP: 1/1
    23 | D:1      | Reached skill level 3 in Axes
    49 | D:1      | Reached XP level 2. HP: 26/26 MP: 2/2
    88 | D:1      | Reached skill level 4 in Axes
   228 | D:1      | Reached XP level 3. HP: 33/33 MP: 3/3
   510 | D:2      | Found a faded altar of an unknown god.
   727 | D:3      | Found an opulent altar of Gozag.
   876 | D:3      | Reached skill level 5 in Fighting
   876 | D:3      | Reached XP level 4. HP: 42/42 MP: 4/4
   992 | D:3      | Found an ancient bone altar of Kikubaaqudgha.
   996 | D:3      | Found an ornate altar of the Wu Jian Council.
  1108 | D:3      | Found a bloodstained altar of Trog.
  1154 | D:3      | Became a worshipper of Gozag Ym Sagoz the Greedy
  1341 | D:3      | Found Asaol's Distillery.
  1497 | D:4      | Reached skill level 5 in Axes
  1653 | D:4      | Noticed a scorpion
  1664 | D:4      | Killed a scorpion
  1665 | D:4      | Reached skill level 6 in Axes
  1665 | D:4      | Reached XP level 5. HP: 32/48 MP: 5/5
  1965 | D:4      | Noticed a phantom
  1972 | D:4      | Found a sparkling altar of Nemelex Xobeh.
  1972 | D:4      | Found a stormy altar of Qazlal.
  1981 | D:4      | Killed a phantom
  1982 | D:4      | Reached skill level 7 in Axes
  1982 | D:4      | Reached XP level 6. HP: 42/56 MP: 6/6
  2128 | D:4      | You fall into a shaft and drop 1 floor!
  2128 | D:5      | Entered Level 5 of the Dungeon
  2151 | D:5      | Slain by an iguana

Illustrated notes

Levels and vault maps discovered:
D:1:      lemuel_arrival_broad_hall, layout_rooms, minivault_19
D:2:      layout_basic, shapermc_ecumenical_altar_totnotflames
D:3:      layout_loops_ring, mainiacjoe_overflow_catch_the_wave,
          grunt_temple_overflow_open, serial_shops, shop_coins,
          eino_tiny_chamber, corexii_leaking_fountain
D:4:      layout_gridville, jmf_multi_god_temple
D:5:      layout_loops_cross, serial_shops, nicolae_shop_pleasant_corner_grove,
          enter_ossuary_5

Skill      XL: |  1  2  3  4  5 |
---------------+----------------+-----
Axes           | 3 4 6 7 |  7.9
Fighting       | 4 5 |  5.0
Armour         | |  3.2
Shields        | |  3.2

Action                     |  1- 3 |  4- 6 || total
---------------------------+-------+-------++-------
  Melee: War axe           |   119 |    91 ||   210
    Use: Scroll            |     1 |     2 ||     3
 Armour: Scale mail        |    62 |    55 ||   117
  Dodge: Dodged            |    63 |    40 ||   103
  Block: Buckler           |    27 |    21 ||    48

Table legend: (Time is in decaauts)
 A = Elapsed time spent in this place.
 B = Non-inter-level travel time spent in this place.
 C = Inter-level travel time spent in this place.
 D = Time resting spent in this place.
 E = Time spent auto-exploring this place.
 F = Levels seen in this place.
 G = Mean time per level.
                   A        B        C        D        E       F      G
               +--------+--------+--------+--------+--------+-----+--------+
         Total |   2211 |   2054 |    157 |    254 |   1257 |   5 |  442.2 |
       Dungeon |   2211 |   2054 |    157 |    254 |   1257 |   5 |  442.2 |
               +--------+--------+--------+--------+--------+-----+--------+

Top non-repeatable levels by time:
     D:3: 965 daAuts
     D:4: 654 daAuts
     D:1: 486 daAuts
     D:2: 80 daAuts
     D:5: 24 daAuts
